 Dungeon Crawl Stone Soup version 0.29-a0-1016-g236c7fd91e (webtiles) character file.

Game seed: 1131240506899054315

790 blackman the Cleaver (level 7, -2/57 HPs)
             Began as a Hill Orc Monk on Aug 9, 2022.
             Was a Priest of Beogh.
             Killed from afar by Sigmund (6 damage)
             ... with a puff of flame
             ... on level 3 of the Dungeon.
             The game lasted 00:10:18 (5258 turns).

blackman the Cleaver (Hill Orc Monk)                Turns: 5258, Time: 00:10:18

Health: -2/57      AC:  8    Str: 16    XL:     7   Next: 87%
Magic:  7/7        EV:  5    Int: 10    God:    Beogh [***...]
Gold:   352        SH:  8    Dex: 19    Spells: 6/6 levels left

rFire   . . .      SeeInvis .   m - +10 rapier of Tenacity {vorpal, rC+ Will+}
rCold   + . .      Faith    +   e - +0 kite shield
rNeg    . . .      Spirit   .   o - +0 chain mail
rPois   .          Reflect  .   (no helmet)
rElec   .          Harm     .   (no cloak)
rCorr   .          Rampage  .   (no gloves)
Will    +....                   (no boots)
Stlth   ..........              t - amulet of faith
HPRegen 0.00/turn               f - +6 ring of dexterity
MPRegen 0.10/turn               (no ring)

@: brilliant, inhibited regen
A: camouflage 1, inhibited regeneration
a: Renounce Religion, Smiting


You were on level 3 of the Dungeon.
You worshipped Beogh.
Beogh was most pleased with you.
You visited 1 branch of the dungeon, and saw 4 of its levels.
You also visited: Ossuary.

You collected 352 gold pieces.

Inventory:

Hand Weapons
 a - a +0 hand axe
 i - a +0 hand axe of venom
 l - the +3 short sword of the Median {protect, Int+3}
   (You found it on level 2 of the Dungeon)

   It grants its wielder temporary protection when it strikes (+7 to AC).
   Int:       It affects your intelligence (+3).
 m - the +10 rapier of Tenacity (weapon) {vorpal, rC+ Will+}
   (You found it on level 2 of the Dungeon)

   It inflicts extra damage upon your enemies.
   rC:        It protects you from cold.
   Will:      It increases your willpower.
Armour
 b - a +0 robe
 e - a +0 kite shield (worn)
 o - a +0 chain mail (worn)
Jewellery
 f - a +6 ring of dexterity (left hand)
 r - an amulet of guardian spirit
 t - an amulet of faith (around neck)
Wands
 g - a wand of roots (7)
Scrolls
 c - a scroll of vulnerability
 h - 2 scrolls of enchant weapon
 k - a scroll of butterflies {unknown}
 n - a scroll of brand weapon {unknown}
 p - a scroll of fear {unknown}
 q - a scroll of teleportation {unknown}
 u - a scroll of identify
Potions
 s - a potion of degeneration


   Skills:
 - Level 3.6 Fighting
 + Level 11.7 Axes
 - Level 2.4 Dodging
 - Level 1.5 Stealth


You had 6 spell levels left.
You didn't know any spells.
Your spell library contained the following spells:

 Spells                   Type           Power      Damage    Failure   Level
 Apportation              Tloc           0%         N/A       100%        1
 Beastly Appendage        Tmut           0%         N/A       100%        1
 Necrotise                Necr           0%         1d4       100%        1
 Summon Small Mammal      Summ           0%         N/A       100%        1
 Wereblood                Tmut           0%         N/A       100%        2
 Spider Form              Tmut/Pois      0%         N/A       100%        3
 Freezing Cloud           Conj/Ice/Air   0%         6-21      100%        5
 Simulacrum               Ice/Necr       0%         N/A       100%        6
 Polar Vortex             Ice            0%         N/A       100%        9


Dungeon Overview and Level Annotations

Branches:
Dungeon (4/15)            Ossuary (visited)
 Temple: D:4-7

Altars:
Cheibriados

Annotations:
D:3 Sigmund
D:4 Dowan


Innate Abilities, Weirdness & Mutations

Your skin changes colour to match your surroundings (Stealth+).
You do not regenerate when monsters are visible.


Message History

* * * LOW HITPOINT WARNING * * *
You puncture Duvessa!
You kill Duvessa!
Beogh accepts your kill.
You hear a distant wail of despair.
You feel better.
Dowan seems to find hidden reserves of power!
You block the kobold's attack.
It was a potion of mutation.
You feel extremely strange.
Your skin functions as natural camouflage.
Your regeneration stops near monsters.
You block the kobold's attack. Dowan barely misses you.
Okay, then.
Unknown command.
It was a potion of brilliance.
You feel clever all of a sudden.
Dowan hits you with a +2 dagger of speed.
* * * LOW HITPOINT WARNING * * *
Dowan hits you but does no damage. The kobold hits you but does no damage.
You block Dowan's attack.
Okay, then.
Blink to where?
Press: ? - help, Dir - move target
Found 6 stones.
As you read the scroll of blinking, it crumbles to dust.
Dowan gestures wildly while chanting.
Dowan blinks!
You see here 6 stones.
Dowan gestures at you while chanting. The shard of ice hits you!
You partially resist.
* * * LOW HITPOINT WARNING * * *
Dowan casts a spell.
Dowan blinks!
There is a stone staircase leading down here.
There is a stone staircase leading up here.
You climb upwards.
Sigmund shouts!
Sigmund casts a spell at you. The puff of flame hits you.
You die...

...#......#......................
####......#......................
# #......#......................
# #......#......................
# #......#......................
####......#..............).......
#................................
#.........)...#####..............
'.......#..⌠.##.@.##.⌠...........
#.......#...##.....##............
#.......#..#####....##...........
#.........##8.8##....##..........
#.........#.....#.....#..........
########..#.._..#.._..#..........
#..#.....#....@#..........
#..##....##8.8##..........
#...##....#####.....o.....


You could see Sigmund.

Vanquished Creatures
  Grinder (D:4)
  Duvessa (D:4)
  A sky beast (D:4)
  The ghost of Valamore the Trooper, an amateur FoFi (D:3)
  2 human zombies (Ossuary)
  2 quasits (D:3)
  2 mummies (Ossuary)
  Robin (D:3)
  A gnoll (D:1)
  3 adders
  4 dart slugs
  4 worms
  An orc (D:3)
  6 bats
  5 endoplasms
  6 giant cockroaches
  3 gnoll zombies (Ossuary)
  7 hobgoblins
  3 jackals (D:1)
  A quokka (D:1)
  5 ball pythons
  4 frilled lizards
  23 goblins
  4 goblin zombies (Ossuary)
  2 hobgoblin zombies (Ossuary)
  3 kobolds
  3 orc zombies (Ossuary)
  2 rats
101 creatures vanquished.

Notes
Turn   | Place    | Note
-------+----------+-------------------------------------------
     0 | D:1      | blackman the Hill Orc Monk began the quest for the Orb.
     0 | D:1      | Reached XP level 1. HP: 19/19 MP: 1/1
   445 | D:1      | Reached XP level 2. HP: 17/26 MP: 2/2
   608 | D:1      | Reached skill level 5 in Axes
  1057 | D:1      | Reached XP level 3. HP: 20/31 MP: 3/3
  1573 | D:1      | Reached skill level 6 in Axes
  1645 | D:1      | Found a faded altar of an unknown god.
  2178 | D:2      | Reached XP level 4. HP: 20/39 MP: 4/4
  2401 | D:2      | Identified the +3 short sword of the Median {protect,
                  | Int+3}
  2601 | D:2      | Identified the +10 rapier of Tenacity {vorpal, rC+ Will+}
  3160 | D:3      | Noticed Robin
  3165 | D:2      | HP: 1/39 [poisoned by an adder]
  3290 | D:3      | Reached skill level 7 in Axes
  3502 | D:3      | Killed Robin
  3566 | D:3      | Reached XP level 5. HP: 45/45 MP: 5/5
  3587 | D:3      | Noticed Valamore's ghost (amateur FoFi)
  3602 | D:3      | Found a transporter.
  3655 | D:3      | Became a worshipper of Beogh the Brigand
  3655 | D:3      | Reached * piety under Beogh
  3655 | D:3      | Reached ** piety under Beogh
  3818 | D:3      | Found a transporter.
  4082 | D:3      | Found a faded altar of an unknown god.
  4135 | D:3      | Found a snail-covered altar of Cheibriados.
  4282 | D:3      | Killed Valamore's ghost
  4283 | D:3      | Reached skill level 8 in Axes
  4283 | D:3      | Reached XP level 6. HP: 17/51 MP: 2/6
  4286 | D:3      | Reached skill level 9 in Axes
  4652 | D:4      | Noticed Grinder
  4659 | D:4      | Noticed a sky beast
  4660 | D:4      | Killed Grinder
  4661 | D:4      | Reached skill level 10 in Axes
  4661 | D:4      | Reached XP level 7. HP: 34/57 MP: 7/7
  4847 | D:4      | Found a sand-covered staircase.
  4854 | Ossuary  | Entered an ossuary
  4957 | Ossuary  | Reached skill level 11 in Axes
  5185 | D:4      | Reached *** piety under Beogh
  5228 | D:4      | Noticed Dowan
  5229 | D:4      | Noticed Duvessa
  5239 | D:4      | Killed Duvessa
  5241 | D:4      | Gained mutation: Your skin changes colour to match your
                  | surroundings (Stealth+). [potion of mutation]
  5241 | D:4      | Gained mutation: You do not regenerate when monsters are
                  | visible. [potion of mutation]
  5258 | D:3      | Noticed Sigmund
  5258 | D:3      | Killed from afar by Sigmund

Illustrated notes

Levels and vault maps discovered:
D:1:      dpeg_arrival_simpleton_a, layout_basic,
          hellmonk_ecumenical_altar_heavens_door
D:2:      layout_basic
D:3:      layout_basic, nicolae_overflow_ecumenical_swirl,
          gammafunk_ghost_stat_death, uniq_robin, uniq_sigmund
D:4:      wad_pebble_path, layout_basic, nicolae_ossuary_entry_plus,
          uniq_duvessa, uniq_grinder, uniq_blork_the_orc, uniq_natasha,
          uniq_ijyb, uniq_crazy_yiuf_cottage

Skill      XL: |  1  2  3  4  5  6  7 |
---------------+----------------------+-----
Axes           | 5 6 7 8 10 11 | 11.7
Fighting       | |  3.6
Dodging        | |  2.4
Stealth        | |  1.5

Action                   |  1- 3 |  4- 6 |  7- 9 || total
-------------------------+-------+-------+-------++-------
Melee: Hand axe          |   110 |     7 |       ||   117
       Punch             |     1 |       |       ||     1
       Rapier            |       |    61 |    61 ||   122
Invok: Convert to Beogh  |       |     1 |       ||     1
  Use: Potion            |       |     4 |     3 ||     7
       Scroll            |       |     5 |     1 ||     6
 Stab: Sleeping          |     6 |     2 |       ||     8
Armor: Robe              |    26 |     2 |       ||    28
       Chain mail        |       |    79 |    43 ||   122
Dodge: Dodged            |    65 |    29 |    11 ||   105
Block: Kite shield       |    16 |    43 |    25 ||    84

Table legend: (Time is in decaauts)
 A = Elapsed time spent in this place.
 B = Non-inter-level travel time spent in this place.
 C = Inter-level travel time spent in this place.
 D = Time resting spent in this place.
 E = Time spent auto-exploring this place.
 F = Levels seen in this place.
 G = Mean time per level.
                   A        B        C        D        E       F      G
               +--------+--------+--------+--------+--------+-----+--------+
         Total |   5325 |   5139 |    186 |    991 |   3468 |   5 | 1065.0 |
       Dungeon |   5017 |   4831 |    186 |    991 |   3255 |   4 | 1254.2 |
       Ossuary |    307 |    307 |      0 |      0 |    213 |   1 |  307.0 |
               +--------+--------+--------+--------+--------+-----+--------+

Top non-repeatable levels by time:
     D:1: 1811 daAuts
     D:2: 1696 daAuts
     D:3: 1139 daAuts
     D:4: 370 daAuts
 Ossuary: 307 daAuts
